 Dungeon Crawl Stone Soup version 0.30.1-11-g7821555f0a (webtiles) character file.

Game seed: 1859532260274779107

116 Cheops the Digger (level 5, -9/31 HPs)
             Began as an Octopode Earth Elementalist on Dec 2, 2023.
             Mangled by an iguana (14 damage)
             ... on level 4 of the Dungeon.
             The game lasted 00:06:02 (2730 turns).

Cheops the Digger (Octopode Earth Elementalist)     Turns: 2730, Time: 00:06:03

Health: -9/31      AC:  1    Str:  8    XL:     5   Next: 1%
Magic:  1/8        EV: 13    Int: 19    God:
Gold:   127        SH:  0    Dex: 12    Spells: 2/8 levels left

rFire   . . .        a - +2 dagger (drain)
rCold   . . .        (no shield)
rNeg    . . .        (helmet restricted)
rPois   .            (no amulet)
rElec   .            (no ring)
rCorr   .            (no ring)
SInv    .            (no ring)
Will    .....        (no ring)
Stlth   ++++         (no ring)
HPRegen 0.25/turn    (no ring)
MPRegen 0.11/turn    (no ring)
                     (no ring)

%: no passive effects
@: no status effects
A: almost no armour, amphibious, 8 rings, camouflage 1, gelatinous body 1,
(nimble swimmer 1), tentacles
a: no special abilities


You were on level 4 of the Dungeon.
You visited 1 branch of the dungeon, and saw 4 of its levels.

You collected 127 gold pieces.

Inventory:

Hand Weapons
 a - a +2 dagger of draining (weapon)
 b - a +1 falchion of holy wrath
Scrolls
 d - a scroll of enchant armour {unknown}
 f - a scroll of brand weapon {unknown}
 h - 2 scrolls of enchant weapon {unknown}
 i - 2 scrolls of teleportation {unknown}
 l - a scroll of magic mapping {unknown}
Potions
 c - a potion of resistance {unknown}
 e - a potion of ambrosia {unknown}
 g - a potion of heal wounds {unknown}
 j - a potion of flight {unknown}
 k - 2 potions of might {unknown}
 m - a potion of lignification {unknown}
 n - 3 potions of curing {unknown}
 o - 2 potions of magic


   Skills:
 - Level 2.0 Dodging
 + Level 4.6 Stealth
 - Level 2.0 Spellcasting
 - Level 1.0 Transmutations
 * Level 4.8 Earth Magic


You had 2 spell levels left.
You knew the following spells:

 Your Spells              Type           Power      Damage    Failure   Level
a - Sandblast             Erth           40%        2d10      2%          1
b - Stone Arrow           Conj/Erth      22%        3d8       19%         3
P - Passwall              Tmut/Erth      10%        N/A       8%          2

Your spell library contained the following spells:

 Spells                   Type           Power      Damage    Failure   Level
 Apportation              Tloc           2%         N/A       17%         1
 Necrotise                Necr           4%         1d4       17%         1
 Summon Small Mammal      Summ           4%         N/A       17%         1
 Petrify                  Tmut/Erth      13%        N/A       45%         4


Dungeon Overview and Level Annotations

Branches:
Dungeon (4/15)
 Temple: D:4-7

Altars:

Shops:
D:1 (


Innate Abilities, Weirdness & Mutations

You cannot wear most types of armour.
You are amphibious.
You can wear up to eight rings at the same time.
Your skin changes colour to match your surroundings (Stealth+).
Your rubbery body absorbs attacks. (AC +1, EV +1)
((You are camouflaged when in or above water. (Stealth+)))
You have tentacles for arms and can constrict up to eight enemies at once.


Message History

Press: ? - help, Shift-Dir - straight line, f/p - iguana
Aim: an iguana (moderately wounded, 85% to hit)
The blast of sand misses the iguana.
The iguana barely misses you.
Casting: Sandblast (safe; 2% risk of failure)
Confirm with . or Enter, or press ? or * to list all spells.
Aiming: Sandblast (safe; 2% risk of failure)
Press: ? - help, Shift-Dir - straight line, f/p - iguana
Aim: an iguana (moderately wounded, 85% to hit)
The blast of sand hits the iguana.
The iguana is heavily wounded.
The iguana closely misses you. The iguana completely misses you.
Casting: Sandblast (safe; 2% risk of failure)
Confirm with . or Enter, or press ? or * to list all spells.
Aiming: Sandblast (safe; 2% risk of failure)
Press: ? - help, Shift-Dir - straight line, f/p - iguana
Aim: an iguana (heavily wounded, 85% to hit)
The blast of sand hits the iguana.
The iguana is severely wounded.
The iguana bites you!
* * * LOW HITPOINT WARNING * * *
Casting: Sandblast (safe; 2% risk of failure)
Confirm with . or Enter, or press ? or * to list all spells.
Aiming: Sandblast (safe; 2% risk of failure)
Press: ? - help, Shift-Dir - straight line, f/p - iguana
Aim: an iguana (severely wounded, 85% to hit)
The blast of sand hits the iguana.
The iguana is almost dead.
The iguana bites you.
* * * LOW HITPOINT WARNING * * *
The iguana bites you!
* * * LOW HITPOINT WARNING * * *
Casting: Sandblast (safe; 2% risk of failure)
Confirm with . or Enter, or press ? or * to list all spells.
Aiming: Sandblast (safe; 2% risk of failure)
Press: ? - help, Shift-Dir - straight line, f/p - iguana
Aim: an iguana (almost dead, 85% to hit)
The blast of sand hits the iguana but does no damage.
The iguana is almost dead.
The iguana bites you!
You die...

.# # .# .#
.##.#
....###
###.......
#...!>....
#@l>....#
#..†....#
###...###
.......
#?##... ..
## .## #


You could see an iguana.

Vanquished Creatures
  5 adders
  A worm (D:2)
  3 orcs (D:3)
  6 bats
  7 endoplasms
  2 giant cockroaches (D:1)
  4 goblins
  7 hobgoblins
  4 jackals (D:1)
  3 quokkas
  5 ball pythons
  5 frilled lizards
  5 kobolds
  6 rats
63 creatures vanquished.

Notes
Turn   | Place    | Note
-------+----------+-------------------------------------------
     0 | D:1      | Cheops the Octopode Earth Elementalist began the quest for
                  | the Orb.
     0 | D:1      | Reached XP level 1. HP: 11/11 MP: 3/3
   325 | D:1      | Reached XP level 2. HP: 17/17 MP: 1/5
   432 | D:1      | Found Saubresurch's Antique Weapon Shop.
   806 | D:1      | Reached XP level 3. HP: 21/21 MP: 4/6
  1498 | D:2      | Reached XP level 4. HP: 27/27 MP: 7/7
  1983 | D:2      | Learned a level 2 spell: Passwall
  1987 | D:2      | Learned a level 3 spell: Stone Arrow
  2677 | D:4      | Reached XP level 5. HP: 31/31 MP: 5/8
  2730 | D:4      | Mangled by an iguana

Illustrated notes

Levels and vault maps discovered:
D:1:      dpeg_arrival_more_subterranean_lakeside_camping, layout_basic,
          serial_shops, nicolae_shop_pleasant_corner_grove,
          minmay_misc_feat_diagonals, wander_ebering_terrifying_dragon_lair
D:2:      layout_loops_corners
D:3:      layout_rooms, minmay_distorted
D:4:      layout_loops_ring, mainiacjoe_overflow_surrounded_room, uniq_ijyb,
          uniq_sigmund

Skill      XL: |  1  2  3 |
---------------+----------+-----
Stealth        | 3 4 |  4.6
Earth Magic    | 4 |  4.8
Dodging        | |  2.0
Spellcasting   | |  2.0
Transmutations | |  1.0

Action                     |  1- 3 |  4- 6 || total
---------------------------+-------+-------++-------
  Melee: Dagger            |    44 |    23 ||    67
         Tentacles         |     7 |     2 ||     9
         Constrict         |     8 |     2 ||    10
   Cast: Sandblast         |    17 |    18 ||    35
   Stab: Sleeping          |     8 |    13 ||    21
 Armour: Skin              |     5 |       ||     5
  Dodge: Dodged            |    23 |    15 ||    38
